 Dungeon Crawl Stone Soup version 0.19-a0-1096-g8280678 (webtiles) character file.

96 KarvaRausku the Conjurer (level 4, -6/24 HPs)
             Began as a Tengu Conjurer on Aug 8, 2016.
             Killed by divine providence
             ... invoked by an orc priest
              (11 damage)
             ... on level 4 of the Dungeon on May 19, 2017.
             The game lasted 00:07:14 (2257 turns).

KarvaRausku the Conjurer (Tengu Conjurer)           Turns: 2257, Time: 00:07:14

Health: -6/24      AC:  2    Str:  8    XL:     4   Next: 67%
Magic:  0/9        EV: 12    Int: 17    God:
Gold:   126        SH:  0    Dex: 14    Spells: 2 memorised, 6 levels left

rFire  . . .     SeeInvis .     e - -1 spear (curse)
rCold  . . .     Gourm    .     a - +0 robe
rNeg   . . .     Faith    .     (no shield)
rPois  .         Spirit   .     (helmet restricted)
rElec  .         Dismiss  .     (no cloak)
rCorr  .         Reflect  .     (no gloves)
SustAt .         Harm     .     (boots unavailable)
MR     +....                    (no amulet)
Stlth  ++........               m - ring of wizardry
                                p - ring of protection from magic

@:
A: beak, talons 3
a: no special abilities


You were on level 4 of the Dungeon.
You were hungry.

You visited 1 branch of the dungeon, and saw 4 of its levels.

You collected 126 gold pieces.

Inventory:

Hand Weapons
 e - a cursed -1 spear (weapon)
 g - a cursed -1 short sword
Armour
 a - a +0 robe (worn)
Jewellery
 d - an uncursed ring of protection from cold
 m - a ring of wizardry (right hand)
 p - a ring of protection from magic (left hand)
Scrolls
 i - a scroll of immolation
 j - a scroll of magic mapping
 k - 3 scrolls of teleportation
 o - a scroll of recharging
 q - a scroll of remove curse {unknown}
Potions
 f - a potion of degeneration {unknown}
 h - a potion of resistance {unknown}
 l - a potion of mutation {unknown}
 n - a potion of flight {unknown}
Books
 b - a book of Conjurations

   Spells                             Type                      Level
   a - Magic Dart                     Conjuration                  1
   b - Searing Ray                    Conjuration                  2
   c - Dazzling Spray                 Conjuration/Hexes            3
   d - Fulminant Prism                Conjuration/Hexes            4
   e - Iskenderun's Mystic Blast      Conjuration                  4
   f - Iskenderun's Battlesphere      Conjuration/Charms           5
Comestibles
 c - 3 bread rations


   Skills:
 - Level 2.1 Dodging
 - Level 2.0 Stealth
 + Level 3.1 Spellcasting
 + Level 6.8 Conjurations


You had 6 spell levels left.
You knew the following spells:

 Your Spells              Type           Power        Failure   Level  Hunger
a - Magic Dart            Conj           ####         1%          1    None
b - Searing Ray           Conj           ####..       1%          2    ##.....


Dungeon Overview and Level Annotations

Branches:
Dungeon (4/15)
 Temple: D:4-7

Altars:
Cheibriados
Kikubaaqudgha
Nemelex Xobeh
Pakellas
Vehumet
Xom
Zin


Innate Abilities, Weirdness & Mutations

You have a beak for a mouth.
You have claws for feet.


Message History

The magic dart hits the orc wizard.
The orc wizard is severely wounded.
The orc wizard hits you with a dagger.
An orc priest comes into view. It is wielding a war axe.
You barely miss the orc wizard. Your kick misses the orc wizard.
The orc wizard is severely wounded.
The orc priest miscasts a cantrip.
The orc wizard gestures wildly while chanting.
The orc wizard blinks!
The orc wizard points at you and mumbles some strange words.
The magic dart hits you!
* * * LOW HITPOINT WARNING * * *
Things that are here:
2 chunks of flesh; an orc skeleton You are too injured to fight recklessly!
Unknown command.
The orc priest miscasts a cantrip.
The orc priest calls down the wrath of Beogh upon you.
Beogh smites you!
You die...

#..####..####..##...#
#..# ##..##...#...#
#.## ##........... ..
##.......# ...
##.......## #.#.
#........# ..##
#...##...## ...##
##..# ..## #.@# ..
##.## #o)# #).......
......#.. <.###.o...
..# #.... ... ...!
.... ...


You could see an orc priest and an orc wizard.

Vanquished Creatures
  A gnoll (D:1)
  4 adders (D:2)
  5 orcs
  A ball python (D:2)
  6 bats
  3 giant cockroaches
  4 hobgoblins
  7 jackals (D:3)
  2 kobolds (D:2)
  A giant gecko skeleton (D:4)
  3 giant newts
  4 goblins
  3 rats
44 creatures vanquished.

Notes
Turn   | Place    | Note
-------+----------+-------------------------------------------
     0 | D:1      | KarvaRausku the Tengu Conjurer began the quest for the Orb.
     0 | D:1      | Reached XP level 1. HP: 10/10 MP: 4/4
   110 | D:1      | Reached XP level 2. HP: 7/15 MP: 0/6
   884 | D:2      | Reached skill level 6 in Conjurations
   884 | D:2      | Reached XP level 3. HP: 12/19 MP: 4/8
  1118 | D:2      | Learned a level 2 spell: Searing Ray
  1303 | D:2      | Found a radiant altar of Vehumet.
  1309 | D:2      | Reached XP level 4. HP: 24/24 MP: 7/9
  1532 | D:2      | Found a faded altar of an unknown god.
  1697 | D:3      | Found a snail-covered altar of Cheibriados.
  1697 | D:3      | Found a glowing silver altar of Zin.
  1699 | D:3      | Found a sparkling altar of Nemelex Xobeh.
  1699 | D:3      | Found a shimmering altar of Xom.
  1699 | D:3      | Found an oddly glowing altar of Pakellas.
  1778 | D:3      | Found an ancient bone altar of Kikubaaqudgha.
  2257 | D:4      | Killed from afar by an orc priest

Vault maps used:
D:1:      ncdulo_smallfort, glass_columns_a
D:2:      lemuel_crystal_altar, ecumenical_altar_1, minmay_statues_item,
          serial_park_tiny_1
D:3:      grunt_temple_overflow_open

Skill      XL: |  1  2  3  4 |
---------------+-------------+-----
Conjurations   | 6 |  6.8
Spellcasting   | 3 |  3.1
Dodging        | |  2.1
Stealth        | |  2.0

Action                   |  1- 3 |  4- 6 || total
-------------------------+-------+-------++-------
Melee: Unarmed           |     3 |       ||     3
       Spear             |    26 |     7 ||    33
       Peck              |     7 |     1 ||     8
       Kick              |     6 |       ||     6
 Cast: Magic Dart        |    36 |    33 ||    69
       Searing Ray       |       |     3 ||     3
  Use: Scroll            |     2 |     4 ||     6
       Potion            |       |     1 ||     1
  Eat: Chunk             |     1 |     3 ||     4
Armor: Robe              |     6 |     1 ||     7
Dodge: Dodged            |    16 |    11 ||    27
